 Dungeon Crawl Stone Soup version 0.30-a0-726-gd89dcf765f (webtiles) character file.

Game seed: 3876468519140044082

3421 Armakuni the Skirmisher (level 10, -1/66 HPs)
             Began as a Human Wanderer on Jan 29, 2023.
             Was an Initiate of Gozag.
             Slain by an orc warrior
             ... wielding a +0 scimitar
              (10 damage)
             ... on level 6 of the Dungeon.
             The game lasted 00:40:45 (7335 turns).

Armakuni the Skirmisher (Human Wanderer)            Turns: 7335, Time: 00:40:46

Health: -1/66      AC: 15    Str: 16    XL:     10   Next: 25%
Magic:  11/11      EV: 11    Int: 12    God:    Gozag
Gold:   341        SH:  0    Dex: 14    Spells: 9/11 levels left

rFire   . . .      SeeInvis .    a - +3 short sword (elec)
rCold   . . .      Faith    .    (no shield)
rNeg    . . .      Spirit   .    p - +4 ring mail "Harimuarri" {Will+}
rPois   .          Reflect  .    h - +2 helmet
rElec   .          Harm     .    (no cloak)
rCorr   .          Rampage  .    g - +2 pair of gloves
Will    +....                    (no boots)
Stlth   +                        (no amulet)
HPRegen 0.31/turn                (no ring)
MPRegen 0.12/turn                (no ring)

@: invisible
A: no striking features
a: Renounce Religion, Potion Petition, Call Merchant, Bribe Branch


You were on level 6 of the Dungeon.
You worshipped Gozag.
Gozag was aware of your devotion.
You visited 2 branches of the dungeon, and saw 8 of its levels.
You also visited: Sewer.

You collected 1085 gold pieces.
You paid 744 gold pieces to Gozag.

Inventory:

Hand Weapons
 a - a +3 short sword of electrocution (weapon)
 b - a +2 sling of flaming
 k - a +2 hand axe of flaming
Armour
 g - a +2 pair of gloves (worn)
 h - a +2 helmet (worn)
 p - the +4 ring mail "Harimuarri" (worn) {Will+}
   (You found it on level 7 of the Dungeon)

   Will:      It increases your willpower.
Jewellery
 J - a ring of ice
Wands
 v - a wand of flame (4)
Scrolls
 d - 2 scrolls of amnesia
 e - a scroll of noise
 j - a scroll of identify
 l - a scroll of teleportation
 o - a scroll of vulnerability
 s - a scroll of fog
Potions
 f - a potion of degeneration {unknown}
 i - a potion of mutation {unknown}
 m - 2 potions of ambrosia
 n - 2 potions of attraction {unknown}
 q - a potion of curing {unknown}
 t - a potion of haste {unknown}
 w - 4 potions of brilliance {unknown}


   Skills:
 + Level 1.5 Fighting
 - Level 13.1 Ranged Weapons
 - Level 1.0 Throwing
 - Level 3.0 Armour
 - Level 3.0 Dodging
 - Level 1.0 Spellcasting
 - Level 4.0 Conjurations
 - Level 1.0 Invocations


You had 9 spell levels left.
You knew the following spells:

 Your Spells              Type           Power      Damage    Failure   Level
l - Lesser Beckoning      Tloc           0%         N/A       63%         2

Your spell library contained the following spells:

 Spells                   Type           Power      Damage    Failure   Level
 Magic Dart               Conj           40%        1d5       11%         1
 Shock                    Conj/Air       20%        1d4       24%         1
 Static Discharge         Conj/Air       10%        2-3/arc   36%         2
 Hailstorm                Conj/Ice       5%         3d4       58%         3
 Gell's Gravitas          Tloc           0%         N/A       86%         3
 Swiftness                Air            0%         N/A       86%         3
 Teleport Other           Tloc           0%         N/A       86%         3
 Airstrike                Air            0%         2d(0-16)  99%         4
 Summon Forest            Summ/Tloc      0%         N/A       100%        5
 Eringya's Noxious Bog    Tmut/Pois      0%         N/A       100%        6
 Summon Hydra             Summ           0%         N/A       100%        7


Dungeon Overview and Level Annotations

Branches:
Dungeon (7/15)             Temple (1/1) D:4           Sewer (visited)

Altars:
Ashenzari
Cheibriados
Dithmenos
Elyvilon
Fedhas
Gozag
Hepliaklqana
Kikubaaqudgha
Okawaru
Qazlal
Ru
Sif Muna
Trog
Uskayaw
Vehumet
Wu Jian
Xom
Yredelemnul
Zin
The Shining One

Shops:
D:2 :(   D:4 (


Message History

a - a +3 short sword of electrocution (weapon)
The orc warrior shoots a bolt.
The bolt hits you.
The orc warrior unwields a +0 arbalest.
The orc warrior wields a +0 scimitar.
The orc warrior hits you but does no damage.
You barely miss the orc warrior.
The orc warrior is moderately wounded.
An orc comes into view. It is wielding a +0 whip.
The orc wizard barely misses you.
The orc wizard attacks as you move away!
The orc wizard hits you with a +0 hand axe.
The orc warrior attacks as you move away!
The orc warrior hits you but does no damage.
The orc wizard points at you and mumbles some strange words.
You resist with almost no effort.
The orc warrior hits you with a +0 scimitar!
There is a stone staircase leading up here.
The orc wizard mumbles some strange words.
The orc wizard flickers and vanishes!
Deactivating autopickup; reactivate with Ctrl-A.
The orc warrior hits you with a +0 scimitar!
You climb upwards.
Reactivating autopickup.
There is a stone staircase leading down here.
You closely miss the orc warrior.
The orc warrior is moderately wounded.
The orc warrior hits you with a +0 scimitar!
* * * LOW HITPOINT WARNING * * *
You hit the orc warrior.
Lightning courses through the orc warrior!
The orc warrior is severely wounded.
The orc warrior hits you with a +0 scimitar!
* * * LOW HITPOINT WARNING * * *
Okay, then.
You fade into invisibility!
The orc warrior hits you but does no damage.
You hit the orc warrior but do no damage.
The orc warrior is severely wounded.
The orc warrior hits you with a +0 scimitar!
You die...
Your body crumbles into a pile of gold.

##...................#...
#....#...........#...#...
##...#...............<...
###............#.....)...
#.....#........##..))....
##...##....#....###.......
#....#.....##.............
.....#..o.................
#........@.##...........#.
#...........##..........#.
#.......................#.
#.#.###.###.#.............
#.#...#.#...#..##...#.....
#.###.#.#.###..##.###.....
#...#.#.#.#.......##...#..
#._........._.....#...##..
##...#.#.#.#.........[.##.#


You could see an orc warrior.

Vanquished Creatures
  Pikel (D:4)
  Sigmund (D:6)
  2 water moccasins (D:6)
  Duvessa (D:5)
  An ice beast (D:5)
  An ogre (D:5)
  A sky beast (D:7)
  A centaur (D:6)
  3 phantoms
  A kobold brigand (Sewer)
  3 bullfrogs (D:7)
  A scorpion (D:5)
  Dowan (D:5)
  12 killer bees
  6 electric eels (D:7)
  A jelly (D:6)
  4 hounds
  A gnoll bouda (D:6)
  Jessica (D:3)
  An orc wizard (D:7)
  Natasha (twice) (D:2)
  4 iguanas
  Terence (D:3)
  Robin (D:2)
  9 gnolls
  3 river rats (D:5)
  12 adders
  4 ufetubi
  8 worms
  A dart slug (D:3)
  12 orcs
  12 endoplasms
  3 giant cockroaches
  13 goblins
  9 hobgoblins
  4 jackals (D:2)
  9 ball pythons
  5 bats
  4 frilled lizards
  21 kobolds
  8 rats
189 creatures vanquished.

Vanquished Creatures (others)
  3 fungi (D:1)
  9 plants
12 creatures vanquished.

Grand Total: 201 creatures vanquished

Notes
Turn   | Place    | Note
-------+----------+-------------------------------------------
     0 | D:1      | Armakuni the Human Wanderer began the quest for the Orb.
     0 | D:1      | Armakuni set off with the following items: a +0 sling, 14
                  | poisoned darts, a +0 dagger, a potion of lignification, a
                  | +0 leather armour; and the following spell memorised: Magic
                  | Dart; and the following spells available to memorise:
                  | Static Discharge, Hailstorm.
     0 | D:1      | Reached XP level 1. HP: 15/15 MP: 2/2
   226 | D:1      | Reached XP level 2. HP: 15/15 MP: 3/3
   326 | D:1      | Found a faded altar of an unknown god.
   381 | D:1      | Reached skill level 3 in Ranged Weapons
   700 | D:2      | Noticed Robin
   810 | D:2      | Reached XP level 3. HP: 25/25 MP: 4/4
  1016 | D:2      | Found Punekev's Weapon Emporium.
  1143 | D:2      | Found Foskoots's Book Shoppe.
  1239 | D:2      | Learned a level 2 spell: Lesser Beckoning
  1248 | D:2      | Noticed Natasha
  1267 | D:2      | Killed Natasha
  1268 | D:2      | Reached skill level 4 in Ranged Weapons
  1268 | D:2      | Reached XP level 4. HP: 23/32 MP: 5/5
  1639 | D:2      | Killed Robin
  1704 | D:2      | Reached XP level 5. HP: 30/37 MP: 6/6
  1742 | D:2      | Noticed Natasha
  1757 | D:2      | Killed Natasha
  1758 | D:2      | Reached skill level 5 in Ranged Weapons
  1993 | D:3      | Noticed Jessica
  2000 | D:3      | Killed Jessica
  2445 | D:3      | Identified the +1 mace of Modwy {freeze, Str+3}
  2457 | D:3      | Noticed Terence
  2468 | D:3      | Killed Terence
  2469 | D:3      | Reached XP level 6. HP: 43/43 MP: 7/7
  2742 | D:3      | Reached skill level 6 in Ranged Weapons
  2770 | D:4      | Noticed Pikel
  2797 | D:4      | Killed Pikel
  2798 | D:4      | Reached skill level 8 in Ranged Weapons
  2798 | D:4      | Reached XP level 7. HP: 29/48 MP: 8/8
  3005 | D:4      | Found a staircase to the Ecumenical Temple.
  3030 | D:4      | Reached XP level 8. HP: 51/54 MP: 9/9
  3034 | Temple   | Entered the Ecumenical Temple
  3236 | Temple   | Became a worshipper of Gozag Ym Sagoz the Greedy
  3510 | D:4      | Found Qerch's Antique Weapon Shop.
  3703 | D:5      | Entered Level 5 of the Dungeon
  3780 | D:5      | Found a glowing drain.
  3787 | Sewer    | Entered a sewer
  3828 | Sewer    | Reached skill level 9 in Ranged Weapons
  4387 | D:5      | Reached skill level 10 in Ranged Weapons
  4566 | D:5      | Reached XP level 9. HP: 40/59 MP: 10/10
  4709 | D:6      | Noticed Duvessa
  4709 | D:6      | Noticed Dowan
  4722 | D:5      | Killed Duvessa
  4723 | D:5      | Reached skill level 11 in Ranged Weapons
  4723 | D:5      | Killed Dowan
  4864 | D:6      | Noticed Sigmund
  5083 | D:6      | Found a radiant altar of Vehumet.
  5144 | D:6      | Reached skill level 12 in Ranged Weapons
  5644 | D:6      | Found a hide-covered altar of Uskayaw.
  5862 | D:6      | Found a white marble altar of Elyvilon.
  6238 | D:6      | Killed Sigmund
  6239 | D:6      | Reached skill level 13 in Ranged Weapons
  6239 | D:6      | Reached XP level 10. HP: 65/65 MP: 11/11
  6376 | D:7      | Found a bloodstained altar of Trog.
  6511 | D:7      | Reached skill level 1 in Armour
  6511 | D:7      | Reached skill level 1 in Dodging
  6661 | D:7      | Identified the +4 ring mail "Harimuarri" {Will+}
  7335 | D:6      | Slain by an orc warrior

Illustrated notes

Levels and vault maps discovered:
D:1:      sevenhm_arrival_forest_fort_small_4, layout_loops_ring,
          shapermc_ecumenical_altar_mp_urbaneastern,
          chequers_serial_rivers_micro_a
D:2:      layout_loops_corners, serial_shops, nicolae_shop_hallway_plus,
          nicolae_shop_stone, hangedman_decor_push, kennysheep_pointless_box,
          minmay_stone_trees_large, kennysheep_cross_room, uniq_robin,
          uniq_natasha
D:3:      minmay_recursive_quarters, layout_basic, serial_aquarium,
          aquarium_bridge_straight [aquarium_subvault_bridge,
          aquarium_subvault_window, aquarium_subvault_bridge,
          aquarium_subvault_wall], aquarium_bridge_long_separate
          [aquarium_subvault_wall, aquarium_subvault_bridge,
          aquarium_subvault_bridge, aquarium_subvault_wall,
          aquarium_subvault_bridge, aquarium_subvault_window],
          aquarium_window_corridor_3, aquarium_window_fake, aquarium_view_2d,
          aquarium_balcony_1b, uniq_jessica, uniq_terence
D:4:      layout_loops_ring, minmay_temple_entry_water_ring,
          nicolae_stop_n_shop_1, uniq_pikel
D:5:      layout_rooms, lightli_sewer_entry_pipes
D:6:      layout_cave_pools, nicolae_vehumet_radiance,
          mainiacjoe_overflow_large_starburst, uniq_duvessa, uniq_sigmund
D:7:      cheibrodos_two_vegetables, layout_loops_cross, bloody_trog,
          minmay_liquid_box, kennysheep_boxes
Temple:   eino_temple_rhombus

Skill      XL: |  1  2  3  4  5  6  7  8  9 10 |
---------------+-------------------------------+-----
Ranged Weapons | 3 4 5 8 10 13 | 13.1
Armour         | 3 |  3.0
Dodging        | 3 |  3.0
Fighting       | |  1.5
Throwing       | |  1.0
Spellcasting   | |  1.0
Conjurations   | |  4.0
Invocations    | |  1.0

Action                     |  1- 3 |  4- 6 |  7- 9 | 10-12 || total
---------------------------+-------+-------+-------+-------++-------
  Melee: Short sword       |    41 |   127 |   265 |     9 ||   442
         Punch             |       |     1 |     2 |       ||     3
   Fire: Sling             |    83 |    17 |   166 |    87 ||   353
  Throw: Dart              |     5 |     1 |       |       ||     6
 Invoke: Potion Petition   |       |       |     1 |       ||     1
  Evoke: Wand              |       |       |     1 |    13 ||    14
    Use: Potion            |     4 |     2 |     9 |     1 ||    16
         Scroll            |     3 |     4 |    11 |       ||    18
   Stab: Distracted        |       |       |     2 |       ||     2
         Invisible         |       |       |     1 |       ||     1
 Armour: Leather armour    |    41 |    11 |       |       ||    52
         Skin              |     4 |    12 |    18 |       ||    34
         Ring mail         |       |    33 |   171 |    12 ||   216
         Scale mail        |       |       |       |    20 ||    20
  Dodge: Dodged            |    67 |    57 |   185 |    35 ||   344

Table legend: (Time is in decaauts)
 A = Elapsed time spent in this place.
 B = Non-inter-level travel time spent in this place.
 C = Inter-level travel time spent in this place.
 D = Time resting spent in this place.
 E = Time spent auto-exploring this place.
 F = Levels seen in this place.
 G = Mean time per level.
                   A        B        C        D        E       F      G
               +--------+--------+--------+--------+--------+-----+--------+
         Total |   7502 |   6461 |   1041 |   1293 |    247 |   9 |  833.6 |
       Dungeon |   6818 |   5801 |   1017 |   1293 |     77 |   7 |  974.0 |
        Temple |    208 |    184 |     24 |      0 |    170 |   1 |  208.0 |
         Sewer |    475 |    475 |      0 |      0 |      0 |   1 |  475.0 |
               +--------+--------+--------+--------+--------+-----+--------+

Top non-repeatable levels by time:
     D:5: 1356 daAuts
     D:2: 1301 daAuts
     D:7: 1020 daAuts
     D:6: 925 daAuts
     D:1: 756 daAuts
     D:4: 732 daAuts
     D:3: 725 daAuts
   Sewer: 475 daAuts
  Temple: 208 daAuts
